AoeStats
← jimmythejalapeno

Arabia

506437854Analyzed
1v1 RM · 18d ago on Sep 13, 2026· 36m 16s· 2 players
Game mode
Random Map
Map size
Tiny (2 player)
Population
200
Speed
Normal
Resources
Standard
Victory
Conquest
Starting age
Dark Age
Ending age
Imperial Age
RankedLock teamsTeams togetherTeam positionsShared explorationLock speedFull tech treeHidden civsTurbo modeCheats
Victory
Defeat
🇺🇸 Magyars · United States
1349
+18
🇪🇸 Chinese · Spain
1388
-18
jimmythejalapeno
7:05 Loom
9:14 Feudal Age
17:37 Bloodlines
18:40 Double-Bit Axe
21:27 Wheelbarrow
25:35 Castle Age
26:23 Husbandry
25:57 Light Cavalry
27:49 Scale Barding Armor
28:36 Bow Saw
29:30 Chain Barding Armor
31:34 Hand Cart
36:05 Horse Collar
Terminage 2
0:44 Loom
9:37 Feudal Age
10:07 Double-Bit Axe
20:51 Castle Age
20:01 Fletching
22:35 Bodkin Arrow
29:21 Bloodlines
30:23 Husbandry
32:20 Pikeman
Connection lost

Rejoining the realm…

Still unreachable

The connection could not be restored.

Session expired

The server has moved on; the page needs a fresh start.